 Dungeon Crawl Stone Soup version 0.31-a0-204-g7da18cac08 (webtiles) character file.

Game seed: 7175159193018122983

304 lunkers the Cruncher (level 6, -1/47 HPs)
             Began as a Meteoran Wanderer on June 28, 2023.
             Splashed by a jelly's acid (8 damage)
             ... on level 4 of the Dungeon.
             The game lasted 00:05:03 (1269 turns).

lunkers the Cruncher (Meteoran Wanderer)            Turns: 1269, Time: 00:05:04

Health: -1/47      AC: -7    Str: 16    XL:     6   Next: 99%
Magic:  9/9        EV: 11    Int: 11    God:
Gold:   150        SH:  0    Dex: 16    Spells: 7/7 levels left

rFire   . . .        a - +2 quarterstaff
rCold   . . .        (shield currently unavailable)
rNeg    . . .        e - +0 leather armour
rPois   .            n - +0 helmet
rElec   .            j - +0 cloak
rCorr   .            (no gloves)
SInv    .            (no boots)
Will    .....        (no amulet)
Stlth   +            (no ring)
HPRegen 0.27/turn    (no ring)
MPRegen 0.11/turn

%: no passive effects
@: corroded, glowing
A: sense surroundings 1, otherworldly, glowing, explore regen
a: no special abilities


You were on level 4 of the Dungeon.
You visited 1 branch of the dungeon, and saw 4 of its levels.

You collected 150 gold pieces.

Inventory:

Hand Weapons
 a - a +2 quarterstaff (weapon)
 c - a +0 dagger
Missiles
 b - 13 poisoned darts
Armour
 e - a +0 leather armour (worn)
 j - a +0 cloak (worn)
 n - a +0 helmet (worn)
Magical Staves
 k - a staff of earth
Jewellery
 q - a ring of fire
Scrolls
 f - 2 scrolls of teleportation
 h - a scroll of amnesia {unknown}
 m - a scroll of revelation {unknown}
 p - a scroll of identify {unknown}
Potions
 i - a potion of lignification {unknown}
 l - a potion of cancellation {unknown}
 o - a potion of degeneration {unknown}


   Skills:
 - Level 1.1 Fighting
 + Level 8.4 Staves
 - Level 3.6 Throwing
 - Level 1.2 Dodging
 - Level 1.3 Spellcasting
 - Level 1.2 Air Magic


You had 7 spell levels left.
You didn't know any spells.
Your spell library contained the following spells:

 Spells                   Type           Power      Damage    Failure   Level
 Poisonous Vapours        Pois/Air       4%         N/A       41%         2
 Cigotuvi's Dreadful Rot  Necr/Pois/Air  2%         N/A       45%         2
 Sublimation of Blood     Necr           0%         N/A       50%         2
 Petrify                  Tmut/Erth      0%         N/A       98%         4
 Irradiate                Conj/Tmut      0%         3d11      100%        5


Dungeon Overview and Level Annotations

Branches:
Dungeon (4/15) Zot: 1128
 Temple: D:4-7

Altars:

Annotations:
D:3 Jessica


Innate Abilities, Weirdness & Mutations

You passively map a small area around you.
You are easily found by Zot.
You glow in the dark.
You regain HP and MP as you explore.


Message History

* * * LOW HITPOINT WARNING * * *
The black bear claws you.
* * * LOW HITPOINT WARNING * * *
You thump the black bear!
The black bear is heavily wounded.
You thump the black bear!
The black bear is almost dead.
The black bear closely misses you. The black bear claws you.
* * * LOW HITPOINT WARNING * * *
The black bear barely misses you.
You hit the black bear.
You kill the black bear!
Training target 8.0 for Staves reached!
Your Staves skill increases to level 8!
You need to enable at least one skill for training.
You see here a scorpion corpse.
A jelly comes into view.
Found a scroll of teleportation.
You hit the jelly.
Your hands burn!
* * * LOW HITPOINT WARNING * * *
The jelly is moderately wounded.
The jelly misses you.
You hit the jelly. The acid corrodes you!
Your hands burn!
* * * LOW HITPOINT WARNING * * *
The jelly is moderately wounded.
The jelly barely misses you.
You hit the jelly.
Your hands burn!
* * * LOW HITPOINT WARNING * * *
The jelly is severely wounded.
The jelly hits you.
* * * LOW HITPOINT WARNING * * *
The acid corrodes you!
You are splashed with acid.
* * * LOW HITPOINT WARNING * * *
You hit the jelly but do no damage. The acid corrodes you!
Your hands burn!
* * * LOW HITPOINT WARNING * * *
The jelly is severely wounded.
The jelly hits you.
* * * LOW HITPOINT WARNING * * *
You are splashed with acid!
You die...

* , .###. , .#
#(.(.. * ###.#
, ...... * *
#...#,, ,
###... #^..#
,,, #... *
#...# * ##..
,, * #...# *
#.. * #.J?#
#.. #.@####
###
#####...###
#.........###
###..†......##
#..###.....##
*#..#
###....## ,
#..# ###...##
*, #..#
##...### ,
...# ##....###


You could see a jelly.

Vanquished Creatures
  A black bear (D:4)
  A scorpion (D:4)
  A jelly (D:4)
  A sleepcap (D:4)
  Robin (D:3)
  4 adders
  2 dart slugs
  5 endoplasms
  2 giant cockroaches
  4 hobgoblins (D:3)
  4 quokkas
  A ball python (D:1)
  3 bats
  2 frilled lizards (D:3)
  11 goblins
  8 kobolds
  2 rats (D:1)
53 creatures vanquished.

Notes
Turn   | Place    | Note
-------+----------+-------------------------------------------
     0 | D:1      | lunkers the Meteoran Wanderer began the quest for the Orb.
     0 | D:1      | lunkers set off with the following items: a +2
                  | quarterstaff, 10 poisoned darts, a +0 dagger, a potion of
                  | heal wounds, a +0 leather armour; and the following spells
                  | available to memorise: Poisonous Vapours, Cigotuvi's
                  | Dreadful Rot.
     0 | D:1      | Reached XP level 1. HP: 16/16 MP: 3/3
    51 | D:1      | Reached skill level 4 in Staves
    55 | D:1      | Reached XP level 2. HP: 20/23 MP: 5/5
   382 | D:1      | Reached XP level 3. HP: 25/28 MP: 6/6
   472 | D:2      | Found a faded altar of an unknown god.
   597 | D:2      | Reached skill level 5 in Staves
   766 | D:3      | Noticed Jessica
   774 | D:3      | Noticed Robin
   803 | D:3      | Killed Robin
   804 | D:3      | Reached XP level 4. HP: 7/35 MP: 7/7
  1047 | D:3      | Reached skill level 6 in Staves
  1094 | D:3      | Reached XP level 5. HP: 35/40 MP: 8/8
  1220 | D:4      | Reached skill level 7 in Staves
  1243 | D:4      | Reached XP level 6. HP: 12/47 MP: 9/9
  1243 | D:4      | Noticed a black bear
  1254 | D:4      | Killed a black bear
  1255 | D:4      | Reached skill level 8 in Staves
  1269 | D:4      | Splashed by a jelly's acid

Illustrated notes

Levels and vault maps discovered:
D:1:      roderic_chinese_lattice_arrival, layout_loops_ring,
          dreamdust_mushroom_princess, kennysheep_boxes
D:2:      layout_basic, basic_ecumenical_altar
D:3:      layout_loops_ring, uniq_robin, uniq_crazy_yiuf_cottage, uniq_jessica,
          uniq_ijyb
D:4:      layout_basic, serial_curves, eino_curves_02, eino_curves_04,
          eino_curves_01, eino_curves_03, kennysheep_path_1

Skill      XL: |  1  2  3  4  5  6 |
---------------+-------------------+-----
Staves         | 4 5 6 7 8 |  8.4
Fighting       | |  1.1
Throwing       | |  3.6
Dodging        | |  1.2
Spellcasting   | |  1.3
Air Magic      | |  1.2

Action                     |  1- 3 |  4- 6 || total
---------------------------+-------+-------++-------
  Melee: Quarterstaff      |    64 |    79 ||   143
    Use: Scroll            |     1 |       ||     1
         Potion            |       |     3 ||     3
 Armour: Leather armour    |    13 |    40 ||    53
  Dodge: Dodged            |    28 |    37 ||    65

Table legend: (Time is in decaauts)
 A = Elapsed time spent in this place.
 B = Non-inter-level travel time spent in this place.
 C = Inter-level travel time spent in this place.
 D = Time resting spent in this place.
 E = Time spent auto-exploring this place.
 F = Levels seen in this place.
 G = Mean time per level.
                   A        B        C        D        E       F      G
               +--------+--------+--------+--------+--------+-----+--------+
         Total |   1271 |   1271 |      0 |      0 |    894 |   4 |  317.8 |
       Dungeon |   1271 |   1271 |      0 |      0 |    894 |   4 |  317.8 |
               +--------+--------+--------+--------+--------+-----+--------+

Top non-repeatable levels by time:
     D:1: 408 daAuts
     D:2: 349 daAuts
     D:3: 344 daAuts
     D:4: 169 daAuts
